 Dungeon Crawl Stone Soup version 0.27.1-35-g4d5d836560 (webtiles) character file.

Game seed: 13349905457837039089

236 Jenx the Chopper (level 5, 0/47 HPs)
             Began as a Minotaur Berserker on Mar 3, 2022.
             Was a Priest of Trog.
             Slain by an orc (8 damage)
             ... on level 4 of the Dungeon.
             The game lasted 00:05:21 (3961 turns).

Jenx the Chopper (Minotaur Berserker)               Turns: 3961, Time: 00:05:22

Health: 0/47       AC:  6    Str: 28    XL:     5   Next: 77%
Magic:  4/4        EV: 11    Int:  4    God:    Trog [***...]
Gold:   164        SH:  0    Dex: 10    Spells: 4/4 levels left

rFire    . . .     SeeInvis .   m - +1 halberd (venom)
rCold    . . .     Faith    .   (shield currently unavailable)
rNeg     . . .     Spirit   .   i - +0 scale mail
rPois    .         Reflect  .   (helmet restricted)
rElec    .         Harm     .   (no cloak)
rCorr    .         Rampage  .   (no gloves)
Will     ++...                  (no boots)
Stlth    ..........             (no amulet)
HPRegen  1.15/turn              n - +6 ring of strength
MPRegen  0.09/turn              (no ring)

@: strong-willed, regenerating
A: horns 2, retaliatory headbutt
a: Renounce Religion, Berserk, Trog's Hand


You were on level 4 of the Dungeon.
You worshipped Trog.
Trog was most pleased with you.
You visited 1 branch of the dungeon, and saw 4 of its levels.

You collected 164 gold pieces.

Inventory:

Hand Weapons
 a - a +0 hand axe
 j - a +2 flail of protection
 m - a +1 halberd of venom (weapon)
Armour
 c - a +0 tower shield
 i - a +0 scale mail (worn)
Jewellery
 n - a +6 ring of strength (left hand)
Scrolls
 d - 5 scrolls of teleportation {unknown}
 f - 3 scrolls of identify {unknown}
 k - 3 scrolls of amnesia {unknown}
 l - a scroll of immolation {unknown}
Potions
 b - 2 potions of cancellation {unknown}
 e - 2 potions of curing {unknown}
 g - a potion of heal wounds {unknown}
 h - 2 potions of attraction {unknown}


   Skills:
 + Level 4.6 Fighting
 * Level 5.6 Axes
 + Level 3.5 Armour
 - Level 2.4 Dodging
 * Level 3.3 Shields


You had 4 spell levels left.
You didn't know any spells.
Your spell library was empty.

Dungeon Overview and Level Annotations

Branches:
Dungeon (4/15)
 Temple: D:4-7

Altars:

Shops:
D:3 =

Annotations:
D:2 1 runed translucent door, Crazy Yiuf


Innate Abilities, Weirdness & Mutations

You have a pair of horns on your head.
You reflexively headbutt those who attack you in melee.


Message History

The orc hits you with a +0 falchion. The goblin hits you with a +0 dagger.
The orc completely misses you.
You feel less confused. The goblin hits you with a +0 dagger.
The orc wizard gestures at you while chanting.
You are confused.
The orc hits you but does no damage.
The orc wizard gestures at you while chanting.
The puff of flame misses you.
The puff of flame hits the orc!
The orc dies!
The orc hits you with a +0 club. The orc misses you.
You closely miss the orc. You headbutt the orc.
The orc is lightly wounded.
The orc barely misses you. The orc closely misses you.
The goblin barely misses you. The orc hits you with a +0 club.
The orc hits you but does no damage.
You hit the goblin but do no damage.
The goblin is poisoned.
The goblin hits you but does no damage. The orc barely misses you.
The orc hits you with a +0 trident! The goblin closely misses you.
The orc wizard points at you and mumbles some strange words.
The puff of flame hits you!
* * * LOW HITPOINT WARNING * * *
The orc hits you but does no damage. x2
The orc misses you.
You see here a +0 club.
You barely miss the goblin.
The goblin is severely wounded.
You feel less confused.
You kill the goblin!
Trog accepts your kill. The orc hits you with a +0 trident.
* * * LOW HITPOINT WARNING * * *
The orc hits you but does no damage.
Your skin crawls.
You feel strong-willed. The orc barely misses you.
The orc wizard hits you but does no damage.
The orc hits you but does no damage.
You closely miss the orc wizard. The orc hits you with a +0 trident!
You die...

#.#.#######
..#####.#........
................#
#..#####.##..##.#
.../.........##.#
................#
#..####.).##.....#
#.....ooo.<........
#.#####@o.###....##
##.## ...## #...
....# ####....#.#
#.# #


You could see an orc wizard and 3 orcs.

Vanquished Creatures
  2 orc wizards (D:3)
  A hound skeleton (D:4)
  4 gnolls (D:3)
  4 adders
  2 worms (D:3)
  2 dart slugs (D:2)
  6 orcs (D:3)
  4 endoplasms
  4 giant cockroaches
  8 goblins
  10 hobgoblins
  4 jackals (D:2)
  3 quokkas
  2 ball pythons (D:2)
  7 bats
  5 frilled lizards
  7 kobolds
  5 rats
80 creatures vanquished.

Vanquished Creatures (others)
  An orc (D:4)
1 creature vanquished.

Grand Total: 81 creatures vanquished

Notes
Turn   | Place    | Note
-------+----------+-------------------------------------------
     0 | D:1      | Jenx the Minotaur Berserker began the quest for the Orb.
     0 | D:1      | Reached XP level 1. HP: 19/19 MP: 0/0
   554 | D:1      | Reached XP level 2. HP: 27/27 MP: 1/1
   624 | D:1      | Reached skill level 4 in Axes
  1287 | D:2      | Reached skill level 1 in Shields
  1383 | D:2      | Reached XP level 3. HP: 33/33 MP: 2/2
  1397 | D:2      | Reached ** piety under Trog
  2199 | D:2      | Found a runed translucent door.
  2200 | D:2      | Noticed Crazy Yiuf
  2320 | D:3      | Found a faded altar of an unknown god.
  2485 | D:3      | Reached XP level 4. HP: 39/40 MP: 3/3
  2631 | D:3      | Found Fuusmuce's Jewellery Emporium.
  2665 | D:3      | Reached skill level 5 in Axes
  2998 | D:3      | Reached XP level 5. HP: 47/47 MP: 4/4
  3911 | D:4      | Reached *** piety under Trog
  3961 | D:4      | Slain by an orc

Illustrated notes

Levels and vault maps discovered:
D:1:      lemuel_arrival_tunnels, layout_loops_corners
D:2:      layout_loops_ring, nicolae_underground_beach, uniq_crazy_yiuf_cottage
D:3:      minmay_chambers_of_threes, layout_basic,
          hellmonk_ecumenical_altar_pennies_from_heaven, serial_shops,
          nicolae_diamond_shop
D:4:      layout_loops_ring

Skill      XL: |  1  2  3  4  5 |
---------------+----------------+-----
Axes           | 4 5 |  5.6
Fighting       | 4 |  4.6
Shields        | 1 2 3 |  3.3
Armour         | 3 |  3.5
Dodging        | |  2.4

Action                   |  1- 3 |  4- 6 || total
-------------------------+-------+-------++-------
Melee: Hand axe          |    95 |    63 ||   158
       Headbutt          |    16 |    15 ||    31
       Halberd           |       |    42 ||    42
Invok: Trog's Hand       |       |     3 ||     3
Armor: Animal skin       |    19 |       ||    19
       Scale mail        |     3 |    50 ||    53
Dodge: Dodged            |    74 |    62 ||   136
